 Dungeon Crawl Stone Soup version 0.27.1 (webtiles) character file.

Game seed: 4192208629393991677

2508 dtburroughs the Cleaver (level 9, -3/109 (121) HPs)
             Began as a Minotaur Berserker on Aug 23, 2021.
             Was an Elder of Trog.
             Slain by Joseph (11 damage)
             ... on level 8 of the Dungeon.
             The game lasted 00:13:08 (8356 turns).

dtburroughs the Cleaver (Minotaur Berserker)        Turns: 8356, Time: 00:13:09

HP:   -3/109 (121)  AC: 14    Str: 22    XL:     9   Next: 28%
MP:   8/8           EV:  3    Int:  7    God:    Trog [****..]
Gold: 326           SH: 12    Dex: 10    Spells: 8/8 levels left

rFire    . . .     SeeInvis +   G - +0 war axe
rCold    . . .     Faith    .   J - +0 tower shield
rNeg     . . .     Spirit   .   w - +0 plate armour
rPois    .         Reflect  .   (helmet restricted)
rElec    .         Harm     .   (no cloak)
rCorr    .         Rampage  .   k - +0 pair of gloves
Will     +....                  (no boots)
Stlth    ..........             (no amulet)
HPRegen  0.28/turn              e - ring of willpower
MPRegen  0.11/turn              b - ring of see invisible

@: berserking (expiring), drained, very quick
A: horns 2, retaliatory headbutt
a: Renounce Religion, Berserk, Trog's Hand, Brothers in Arms


You were on level 8 of the Dungeon.
You worshipped Trog.
Trog was greatly pleased with you.
You visited 1 branch of the dungeon, and saw 8 of its levels.
You also visited: Ossuary.

You collected 326 gold pieces.

Inventory:

Hand Weapons
 d - a +0 great sword of flaming
 t - a +1 antimagic hand axe
 G - a +0 war axe (weapon)
Armour
 k - a +0 pair of gloves (worn)
 w - a +0 plate armour (worn)
 J - a +0 tower shield (worn)
Jewellery
 b - a ring of see invisible (right hand)
 e - a ring of willpower (left hand)
 l - a ring of positive energy
Wands
 v - a wand of charming (7)
 I - a wand of polymorph (10)
Scrolls
 a - a scroll of vulnerability {unknown}
 c - 6 scrolls of teleportation
 g - 2 scrolls of amnesia {unknown}
 j - 2 scrolls of identify
 n - 2 scrolls of immolation
 o - a scroll of brand weapon {unknown}
 s - 2 scrolls of holy word
 u - a scroll of fear {unknown}
 x - 2 scrolls of noise {unknown}
 y - 2 scrolls of summoning
 z - a scroll of magic mapping {unknown}
 A - a scroll of fog {unknown}
 B - 5 scrolls of enchant weapon
 D - 2 scrolls of enchant armour
 F - 2 scrolls of blinking {unknown}
 H - a scroll of torment {unknown}
Potions
 f - a potion of resistance {unknown}
 h - a potion of attraction {unknown}
 i - 2 potions of heal wounds
 m - a potion of mutation {unknown}
 p - 6 potions of curing
 q - a potion of might {unknown}
 r - 2 potions of lignification
 C - a potion of cancellation {unknown}
 E - a potion of ambrosia {unknown}


   Skills:
 + Level 7.9 Fighting
 + Level 8.0 Axes
 + Level 7.4 Armour
 + Level 6.7 Dodging
 + Level 1.1 Shields
 + Level 3.6 Evocations


You had 8 spell levels left.
You didn't know any spells.
Your spell library was empty.

Dungeon Overview and Level Annotations

Branches:
Dungeon (8/15)             Temple (0/1) D:7         Ossuary (visited)
   Lair: D:8-11

Altars:
Fedhas
Okawaru

Annotations:
D:8 Gastronok, Joseph


Innate Abilities, Weirdness & Mutations

You have a pair of horns on your head.
You reflexively headbutt those who attack you in melee.


Message History

A red film seems to cover your vision as you go berserk!
You feel yourself moving faster!
You feel mighty!
Joseph hits you with a +0 quarterstaff of draining!
* * * LOW HITPOINT WARNING * * *
You feel drained.
* * * LOW HITPOINT WARNING * * *
You block the rat's attack.
You hit Joseph. You headbutt Joseph.
Joseph is lightly wounded.
You closely miss the rat. Joseph hits you but does no damage.
You feel drained. You block the rat's attack.
Your plate armour prevents you from hitting Joseph.
Joseph is lightly wounded.
You slash the rat!
You kill the rat!
The rat's corpse disappears in a puff of smoke!
You block Joseph's attack.
Joseph hits you with a +0 quarterstaff of draining.
* * * LOW HITPOINT WARNING * * *
You feel drained.
* * * LOW HITPOINT WARNING * * *
You slash Joseph! Your headbutt misses Joseph.
Joseph is moderately wounded.
Joseph zaps a wand.
You resist with almost no effort.
You slash Joseph!
Joseph is heavily wounded.
Joseph hits you with a +0 quarterstaff of draining!
* * * LOW HITPOINT WARNING * * *
You feel drained.
* * * LOW HITPOINT WARNING * * *
You slash Joseph!
Joseph is severely wounded.
Joseph hits you but does no damage.
You feel drained.
You slash Joseph! Your headbutt misses Joseph.
Joseph is severely wounded.
You block Joseph's attack.
Your plate armour prevents you from hitting Joseph.
Joseph is severely wounded.
Joseph hits you with a +0 quarterstaff of draining!
You die...

#...# .. ... #...# ..
#.###########..[# .#
..##.......##...######## .#
#.......##.##<)...รท....#
..
#.##.##.##.###.#.#####.##..
#w##....##.# #.)..)......#
#)##.##.##@# ##..##.##.#.#
#.##.##.##@# ##..##.##.#..#
#.....w....# #.........##.#
####.##.######..######## .#
#.##.........# .#
#.#########.## .# #.#
###.### .# #.# #.....# #.#
#.....# #.# #.....#


You could see Gastronok and Joseph.

Vanquished Creatures
  Sigmund (D:3)
  A steam dragon (D:7)
  4 water moccasins
  3 orc warriors
  A black bear (D:7)
  A necrophage (D:5)
  2 ogres
  2 centaurs
  A phantom (D:5)
  3 scorpions
  A wyvern zombie (D:8)
  A water moccasin skeleton (D:6)
  A howler monkey (D:4)
  A centaur zombie (D:6)
  2 hounds (D:5)
  2 orc priests
  A jelly (D:5)
  A bullfrog skeleton (D:6)
  An iguana (D:6)
  An orc wizard (D:7)
  13 mummies
  A howler monkey skeleton (D:6)
  6 adders
  3 shadow imps (D:5)
  A white imp (D:6)
  2 ufetubi
  5 dart slugs
  31 orcs
  5 ball pythons
  7 bats
  11 endoplasms
  2 giant cockroaches (D:2)
  5 goblins
  4 hobgoblins
  9 jackals (D:3)
  8 kobolds
  5 quokkas
  3 frilled lizards (D:1)
  3 gnoll skeletons (Ossuary)
  2 goblin skeletons (Ossuary)
  2 kobold skeletons (Ossuary)
  An orc skeleton (Ossuary)
  4 rats
  11 rat skeletons (Ossuary)
175 creatures vanquished.

Notes
Turn   | Place    | Note
-------+----------+-------------------------------------------
     0 | D:1      | dtburroughs the Minotaur Berserker began the quest for the
                  | Orb.
     0 | D:1      | Reached XP level 1. HP: 19/19 MP: 0/0
   253 | D:1      | Found a faded altar of an unknown god.
   262 | D:1      | Reached XP level 2. HP: 27/27 MP: 1/1
   738 | D:1      | Reached skill level 4 in Axes
  1015 | D:2      | Reached ** piety under Trog
  1105 | D:2      | Reached XP level 3. HP: 33/33 MP: 2/2
  1980 | D:3      | Reached XP level 4. HP: 40/41 MP: 3/3
  2511 | D:3      | Noticed Sigmund
  2519 | D:3      | Killed Sigmund
  2520 | D:3      | Reached skill level 5 in Fighting
  2520 | D:3      | Reached skill level 5 in Axes
  2520 | D:3      | Reached XP level 5. HP: 31/48 MP: 4/4
  2675 | D:3      | Found a blossoming altar of Fedhas.
  3049 | D:3      | Reached *** piety under Trog
  3201 | D:4      | Reached XP level 6. HP: 56/56 MP: 5/5
  3813 | D:4      | Found an iron altar of Okawaru.
  3897 | D:5      | Entered Level 5 of the Dungeon
  3938 | D:5      | Found a sand-covered staircase.
  3989 | Ossuary  | Entered an ossuary
  4168 | Ossuary  | Reached skill level 5 in Armour
  4168 | Ossuary  | Reached XP level 7. HP: 62/62 MP: 6/6
  4437 | Ossuary  | Reached **** piety under Trog
  4590 | Ossuary  | Reached skill level 6 in Axes
  4822 | D:5      | Reached skill level 5 in Dodging
  5021 | D:5      | Reached skill level 1 in Evocations
  5443 | D:5      | Reached XP level 8. HP: 71/71 MP: 7/7
  6036 | D:6      | Reached skill level 7 in Axes
  6983 | D:7      | Reached XP level 9. HP: 51/79 MP: 8/8
  7752 | D:7      | Found a staircase to the Ecumenical Temple.
  8326 | D:8      | Noticed Gastronok
  8335 | D:8      | Reached skill level 8 in Axes
  8335 | D:8      | Reached skill level 1 in Shields
  8347 | D:8      | Noticed Joseph
  8356 | D:8      | Slain by Joseph

Illustrated notes

Levels and vault maps discovered:
D:1:      dpeg_arrival_long_road, layout_rooms, ebering_ecumenical_altar_mist
D:2:      layout_basic, amethyst_killhole, st_stairs_13
D:3:      layout_loops_corners, mainiacjoe_overflow_surrounded_room,
          chequers_serial_rivers_large_a, grunt_ministairs_14, uniq_sigmund
D:4:      layout_rooms, lemuel_coloured_pillars_altar, chequers_mini_garden,
          interstate_on_off
D:5:      layout_loops_ring, gup_ossuary_entry_pyramid, minivault_23,
          hangedman_decor_growths, kennysheep_generic_room_8
D:6:      layout_basic
D:7:      layout_basic, temple_hall
D:8:      layout_loops_cross, kennysheep_island_fort, uniq_joseph,
          uniq_gastronok

Skill      XL: |  1  2  3  4  5  6  7  8  9 |
---------------+----------------------------+-----
Fighting       | 4 5 6 7 |  7.9
Axes           | 4 5 6 7 8 |  8.0
Armour         | 3 4 5 7 |  7.4
Dodging        | 3 4 5 6 |  6.7
Evocations     | 1 3 |  3.6
Shields        | 1 |  1.1

Action                   |  1- 3 |  4- 6 |  7- 9 || total
-------------------------+-------+-------+-------++-------
Melee: Great sword       |    61 |    93 |   155 ||   309
       Headbutt          |    12 |    14 |    49 ||    75
       Hand axe          |     1 |       |       ||     1
       War axe           |       |       |    61 ||    61
Invok: Berserk           |       |       |     2 ||     2
       Trog's Hand       |       |       |     2 ||     2
  Use: Scroll            |       |       |     9 ||     9
       Potion            |       |       |     1 ||     1
 Stab: Sleeping          |     1 |       |       ||     1
Armor: Animal skin       |     4 |       |       ||     4
       Scale mail        |    27 |    49 |       ||    76
       Plate armour      |       |     2 |   135 ||   137
Dodge: Dodged            |    47 |    71 |   103 ||   221
Block: Tower shield      |       |       |    29 ||    29
       Rpst.: Great sword |    14 |    21 |    28 ||    63
